 Dungeon Crawl Stone Soup version 0.25.1-1-g288607f5aa (webtiles) character file.

Game seed: 7819622230445309825

6762 KleinerIrrer the Fighter (level 11, -4/119 HPs)
             Began as an Ogre Hunter on July 20, 2020.
             Was a Follower of Wu Jian.
             Slain by a killer bee (9 damage)
             ... on level 8 of the Dungeon.
             The game lasted 00:32:25 (13499 turns).

KleinerIrrer the Fighter (Ogre Hunter)             Turns: 13499, Time: 00:32:26

Health: -4/119     AC:  7    Str: 20    XL:     11   Next: 4%
Magic:  20/20      EV: 13    Int: 12    God:    Wu Jian [*.....]
Gold:   511        SH:  0    Dex: 10    Spells: 10/10 levels left

rFire    . . .     SeeInvis .   G - +1 giant spiked club
rCold    . . .     Gourm    .   (shield currently unavailable)
rNeg     . . .     Faith    .   B - +1 robe "Buwomeyk" {MP+9 Slay+2}
rPois    .         Spirit   .   (helmet restricted)
rElec    .         Reflect  .   F - +2 cloak
rCorr    .         Harm     .   (gloves unavailable)
MR       +....                  (boots unavailable)
Stlth    +.........             (no amulet)
HPRegen  0.29/turn              (no ring)
MPRegen  0.17/turn              (no ring)

@: lethally poisoned (-4 -> -16), very slightly contaminated
A: large, unfitting armour, tough skin 1
a: Renounce Religion


You were on level 8 of the Dungeon.
You worshipped Wu Jian.
Wu Jian was aware of your devotion.
You were not hungry.

You visited 1 branch of the dungeon, and saw 9 of its levels.

You collected 511 gold pieces.

Inventory:

Hand Weapons
 w - the +6 hand axe "Seiweel" {freeze, MP+9 Str+3 Stlth+}
   (You found it on level 7 of the Dungeon)

   It has been specially enchanted to freeze those struck by it, causing extra
   injury to most foes and up to half again as much damage against particularly
   susceptible opponents.
   It can also slow down cold-blooded creatures.
   It affects your strength (+3).
   It affects your magic capacity (+9).
   It makes you more stealthy.
 G - a +1 giant spiked club (weapon)
Missiles
 c - 5 large rocks
 d - 4 throwing nets (quivered)
 t - 71 poisoned darts
 y - 5 boomerangs
Armour
 B - the +1 robe "Buwomeyk" (worn) {MP+9 Slay+2}
   (You found it on level 4 of the Dungeon)

   It affects your accuracy and damage with ranged weapons and melee attacks
   (+2).
   It affects your magic capacity (+9).
 E - +0 acid dragon scales
 F - a +2 cloak (worn)
Jewellery
 h - an uncursed ring of resist corrosion
Wands
 g - a wand of flame (19)
 s - a wand of clouds (8)
 A - a wand of disintegration (7)
Scrolls
 a - a scroll of noise
 e - a scroll of enchant armour
 i - 3 scrolls of random uselessness
 j - a scroll of vulnerability {unknown}
 k - 4 scrolls of remove curse
 l - a scroll of amnesia {unknown}
 n - 3 scrolls of immolation
 r - a scroll of magic mapping
 C - a scroll of identify
Potions
 b - 3 potions of degeneration
 m - a potion of stabbing
 q - a potion of resistance
 v - a potion of cancellation
 z - 3 potions of flight
Comestibles
 f - 16 rations
 x - 14 chunks of flesh


   Skills:
 + Level 10.7 Fighting
 * Level 10.1 Maces & Flails
 - Level 4.0 Throwing
 + Level 8.7 Dodging
 - Level 0.6 Stealth


You had 10 spell levels left.
You didn't know any spells.
Your spell library contained the following spells:

 Spells                   Type           Power        Failure   Level  Hunger
 Freeze                   Ice            #...         32%         1    ##.....
 Frozen Ramparts          Ice            #.....       69%         3    ####...
 Ozocubu's Armour         Chrm/Ice       #.......     69%         3    ####...
 Hailstorm                Conj/Ice       #.......     97%         4    #####..
 Summon Ice Beast         Ice/Summ       #.......     97%         4    #####..


Dungeon Overview and Level Annotations

Branches:
Dungeon (9/15)             Temple (0/1) D:6             Orc (0/2) D:9
   Lair: D:8-11

Altars:
Ashenzari
Dithmenos
Kikubaaqudgha
Makhleb
Nemelex Xobeh
Okawaru
Trog
Uskayaw
Vehumet
Wu Jian
Xom
The Shining One


Innate Abilities, Weirdness & Mutations

You are too large for most types of armour.
You have tough skin. (AC +1)


Message History

You feel sick.
You feel sick.
You feel sick.
You feel sick. The killer bee stings you!
* * * LOW HITPOINT WARNING * * *
Blink to where?
Press: ? - help, Dir - move target cursor
As you read the scroll of blinking, it crumbles to dust.
You feel sick.
You feel sick.
You feel sick.
You feel sick.
You feel sick.
The killer bee stings you but does no damage.
There is a stone staircase leading up, spattered with blood here.
You feel sick. The killer bee stings you.
* * * LOW HITPOINT WARNING * * *
You are more poisoned.
The killer bee poisons you! The killer bee stings you!
You die...

#...####.................###.##..
#...# #))#.###.....#....###.....
#...# ##.#.# #..................
#########.#.###...#.#..#.........
#.............#.#..#)..#....#
#########.##.....................
...######.##...#..#.#..##..#.##.#
...+...##.#....#..#.#............
...###.##.#....#@y..#....y....#.#
...##..........#.y##.....#.#..#.#
...............#..##....##y#..#.#
#####..##.........##....##.#..#.#
#####..##...#......'....##.#..#.#
..................##....##.#..#.#
..................##....##....#.#
....#..##...#.......######....#.#
....#.......#........#####.......


You could see 2 killer bees.

Vanquished Creatures
  Harold (D:7)
  A two-headed ogre (D:9)
  Pikel (D:7)
  Maggie (D:8)
  A troll (D:9)
  Sigmund (D:4)
  A wraith (D:7)
  A hungry ghost (D:8)
  Duvessa (D:7)
  2 ice beasts
  A phantom (D:8)
  5 orc warriors
  2 necrophages
  8 ogres
  2 centaurs
  2 big kobolds
  5 bullfrogs
  3 gnoll sergeants
  2 scorpions
  Dowan (D:7)
  A troll zombie (D:7)
  A wight (D:7)
  2 centaur zombies (D:7)
  3 human zombies (D:7)
  A quasit (D:7)
  3 hounds
  8 crimson imps
  3 human skeletons (D:7)
  4 orc wizards
  3 orc priests
  Natasha (thrice) (D:2)
  3 iguanas
  4 worker ants
  A hound zombie (D:9)
  A hound skeleton (D:4)
  2 mummies (D:7)
  A howler monkey zombie (D:8)
  6 gnolls
  8 adders
  A shadow imp (D:5)
  2 oozes (D:1)
  2 worms (D:2)
  4 dart slugs
  3 leopard geckos
  12 orcs
  2 ball pythons
  5 bats
  7 giant cockroaches
  9 goblins
  5 hobgoblins
  16 jackals
  14 kobolds
  5 quokkas
  12 frilled lizards
  A goblin skeleton (D:7)
  A hobgoblin zombie (D:7)
  A kobold skeleton (D:7)
  A quokka skeleton (D:4)
  5 rats
208 creatures vanquished.

Vanquished Creatures (others)
  4 slaves (D:7)
  2 goblin skeletons (D:7)
  3 goblin zombies (D:7)
  A hobgoblin zombie (D:7)
  A kobold zombie (D:7)
  2 orc skeletons (D:7)
  2 orc zombies (D:7)
15 creatures vanquished.

Grand Total: 223 creatures vanquished

Notes
Turn   | Place    | Note
-------+----------+-------------------------------------------
     0 | D:1      | KleinerIrrer the Ogre Hunter began the quest for the Orb.
     0 | D:1      | Reached XP level 1. HP: 22/22 MP: 1/1
    73 | D:1      | Reached XP level 2. HP: 31/31 MP: 2/2
   481 | D:1      | Reached XP level 3. HP: 39/39 MP: 3/3
  1378 | D:2      | Noticed Natasha
  1393 | D:2      | Killed Natasha
  1393 | D:2      | Reached XP level 4. HP: 15/49 MP: 4/4
  2313 | D:2      | Found a shattered altar of Ashenzari.
  2379 | D:2      | Noticed Natasha
  2392 | D:2      | Killed Natasha
  2392 | D:2      | Reached skill level 5 in Fighting
  2392 | D:2      | Reached XP level 5. HP: 30/57 MP: 5/5
  3234 | D:3      | Found a shimmering altar of Xom.
  3413 | D:2      | Reached XP level 6. HP: 23/67 MP: 6/6
  3894 | D:3      | Found a bloodstained altar of Trog.
  4144 | D:4      | Noticed Sigmund
  4271 | D:4      | Killed Sigmund
  4271 | D:4      | Reached skill level 5 in Dodging
  4271 | D:4      | Reached XP level 7. HP: 41/76 MP: 7/7
  4695 | D:4      | Found a radiant altar of Vehumet.
  4795 | D:4      | Found a hide-covered altar of Uskayaw.
  4869 | D:4      | Got a silken robe
  4880 | D:4      | Identified the +1 robe "Buwomeyk" {MP+9 Slay+2} (You found
                  | it on level 4 of the Dungeon)
  5175 | D:2      | Noticed Natasha
  5185 | D:2      | Killed Natasha
  5320 | D:5      | Entered Level 5 of the Dungeon
  5882 | D:5      | Reached XP level 8. HP: 80/88 MP: 8/8
  6306 | D:6      | Reached skill level 1 in Maces & Flails
  6426 | D:6      | Found an ornate altar of the Wu Jian Council.
  6435 | D:6      | Became a worshipper of the Wu Jian Council
  6459 | D:6      | Found a burning altar of Makhleb.
  6459 | D:6      | Found an iron altar of Okawaru.
  6758 | D:6      | Found a sparkling altar of Nemelex Xobeh.
  7058 | D:6      | Found a staircase to the Ecumenical Temple.
  7068 | D:6      | Found a shadowy altar of Dithmenos.
  7971 | D:7      | Noticed Dowan
  8002 | D:7      | Killed Dowan
  8007 | D:7      | Noticed Duvessa
  8026 | D:7      | Found a glowing golden altar of the Shining One.
  8026 | D:7      | Noticed Pikel
  8091 | D:7      | Killed Pikel
  8091 | D:7      | Reached skill level 5 in Maces & Flails
  8091 | D:7      | Reached XP level 9. HP: 40/98 MP: 9/9
  8410 | D:7      | Found an ancient bone altar of Kikubaaqudgha.
  9350 | D:7      | Noticed Harold
  9378 | D:7      | Killed Duvessa
  9436 | D:7      | Killed Harold
  9436 | D:7      | Reached XP level 10. HP: 63/106 MP: 10/10
  9604 | D:7      | Got a crystal hand axe
  9605 | D:7      | Identified the +6 hand axe "Seiweel" {freeze, MP+9 Str+3
                  | Stlth+} (You found it on level 7 of the Dungeon)
  9700 | D:8      | Noticed Maggie
  9715 | D:8      | Killed Maggie
 10665 | D:8      | Reached * piety under Wu Jian
 12009 | D:8      | Reached skill level 10 in Fighting
 12314 | D:9      | Noticed a two-headed ogre
 12337 | D:9      | Killed a two-headed ogre
 12588 | D:9      | Found a staircase to the Orcish Mines.
 12801 | D:8      | Reached skill level 10 in Maces & Flails
 12951 | D:9      | HP: 2/111 [troll (7)]
 13379 | D:9      | Reached XP level 11. HP: 115/119 MP: 11/11
 13499 | D:8      | HP: 5/119 [killer bee (5)]
 13499 | D:8      | Slain by a killer bee

Illustrated notes

Levels and vault maps discovered:
D:1:      dpeg_arrival_solitude, layout_basic, kennysheep_decorative_pillar
D:2:      lemuel_upstairs_altar, layout_loops_ring, evilmike_ruin_ashenzari,
          minmay_pentomino_q4, uniq_natasha
D:3:      layout_rooms, lightli_temple_of_fire, led_xom_imps
D:4:      kennysheep_six_static_rooms, layout_rooms, lemuel_round_altar,
          old_standard_altar, first_ration, uniq_sigmund
D:5:      layout_basic
D:6:      layout_basic, kennysheep_mini, grunt_dithmenos_smoke_and_mirrors,
          minitemple, kennysheep_little_box, minmay_temple_entry_mist
D:7:      layout_loops_cross, lemuel_mausoleum_altar_kikubaaqudgha,
          nicolae_tso_besieged_by_evil, grunt_decor_arrowhead, grunt_ogre_cave,
          uniq_harold, uniq_duvessa, uniq_pikel
D:8:      layout_basic, uniq_maggie
D:9:      layout_cave_pools, kennysheep_orc_monster_closet_entryway

Skill      XL: |  1  2  3  4  5  6  7  8  9 10 |
---------------+-------------------------------+-----
Fighting       | 3 4 5 6 7 9 10 | 10.7
Dodging        | 2 3 4 5 6 7 8 |  8.7
Maces & Flails | 5 8 10 | 10.1
Throwing       | |  4.0
Stealth        | |  0.6

Action                   |  1- 3 |  4- 6 |  7- 9 | 10-12 || total
-------------------------+-------+-------+-------+-------++-------
Melee: Short sword       |   122 |   184 |    82 |       ||   388
       Dagger            |       |    22 |       |       ||    22
       Mace              |       |       |   321 |       ||   321
       Hand axe          |       |       |       |   175 ||   175
       Giant spiked club |       |       |       |    28 ||    28
Throw: Large rock        |       |     7 |     8 |    10 ||    25
       Dart              |       |       |    14 |       ||    14
       Throwing net      |       |       |       |     2 ||     2
Invok: Lunge             |       |       |     6 |    22 ||    28
       Whirlwind         |       |       |       |     1 ||     1
  Use: Potion            |       |     3 |     2 |     3 ||     8
       Scroll            |       |     4 |     9 |     9 ||    22
 Stab: Sleeping          |       |     1 |     3 |       ||     4
       Invisible         |       |     1 |       |       ||     1
  Eat: Chunk             |     2 |     9 |    10 |    12 ||    33
       Ration            |       |       |     2 |     1 ||     3
Armor: Robe              |    29 |    53 |   149 |    44 ||   275
Dodge: Dodged            |    47 |    75 |   107 |    71 ||   300
Block: Kite shield       |    42 |    69 |    34 |       ||   145
       Tower shield      |       |       |   138 |    84 ||   222
